Description

Build from http://sc2links.com/blog/?paged=2

VOD

https://www.twitch.tv/esl_sc2/v/103679004?t=02h21m20s

Build Order

Get SALT Encoding   

  14  0:18  Supply Depot  
  15  0:29  Refinery  #1
  16  0:47  Barracks  #1
  19  1:33  Reaper  
  19  1:34  Orbital Command  #1
  20  1:48  Command Center  #2
  21  2:04  Factory  
  22  2:07  Barracks Reactor  @100% rax #1
  22  2:16  Supply Depot  
  23  2:24  Refinery  #2
  26  2:49  Starport  
  26  2:50   Widow Mine  
  29  3:02  Orbital Command  #2
  33  3:26  Medivac  @100% starport
  39  3:30  Factory Tech Lab  
  39  3:33  Supply Depot  
  45  3:55  Siege Tank  
  45  3:56  Supply Depot  
  45  3:58  Supply Depot  
  55  4:17  Liberator  
  59  4:32  Siege Tank  
  64  4:50  Command Center  #3
  64  4:51  Supply Depot  
  66  5:03  Barracks  
  66  5:05  Starport Tech Lab  
  66  5:08  Barracks  
  68  5:18  Engineering Bay  
  69  5:20  Refinery  #3
Spawning Tool Build Advisor. Get it on Overwolf

Analysis

Move out around ~5:10 with 2 tanks/marine/medivac and elevator into the protoss main while doing liberator harass at the protoss natural (be patient seiging the Protoss, unlike jjakji). Make engineering bays and get upgrades to keep up vs the protoss. Make mass reactored liberators once you have a nice mmm ball and stay on top of the warp prism drops, Use liberators to hold off adept harass and position your seige tanks to hold expansions. Attack the protoss third and try to kill the third from there. If you can’t kill him immediately pin him in and bring your tanks up to seige their position. Take your 4th base as you kill his third. If you lose the fight fall back to your tanks. If they make coll transition to vikings. Templar? Ghosts.

Go to:

Details

  • Created by: Spacejam
  • Published on: Jan 09, 2017
  • Modified on: Jan 09, 2017
  • Patch: 3.8.0
Show
View Real Time Build Order
Export as new Build Order

Comments (0)

There are no comments. Be the first!

Create an account to comment!